Map: Blackpink LE

Players

Phoenix

  • Race: Terran Terran
  • Spawn Location: 1:00

Cham - Winner!

  • Race: Zerg Zerg
  • Spawn Location: 7:00

Event: WCS Leipzig 2018

VOD

Have the link to the VOD?

Description

Time

  • Played on: Jan. 26, 2018, 6:27 a.m.
  • Length: 8:54

All games in this series

Show
View Real Time Build Order
Export as new Build Order

Phoenix Terran 

Build Orders: Reaper Expand, MMM Bio 

Get SALT Encoding   

  12  0:00  SCV  
  13  0:13  SCV  
  14  0:18  Supply Depot  
  14  0:25  SCV  
  15  0:39  SCV  
  15  0:40  Barracks  
  16  0:45  Refinery  
  16  0:52  SCV  
  17  1:04  SCV  
  18  1:16  SCV  
  19  1:29  Orbital Command  
  19  1:31  Reaper  
  20  1:42  Command Center  
  20  1:54  Barracks  
  20  1:57  SCV  
  21  2:03  Barracks Reactor  
  21  2:10  Supply Depot  
  21  2:11  SCV  
  22  2:26  Refinery  
  22  2:30  SCV, Factory  
  23  2:43  Marine  
  23  2:44  Barracks Tech Lab, Marine  
  25  2:46  SCV  
  25  2:54  Orbital Command  
  25  2:57  Supply Depot  
  25  3:01  Marine x2  
  27  3:08  Stimpack  
  27  3:11  Marine  
  28  3:22  SCV  
  28  3:23  Marine x2  
  32  3:28  Marine  
  32  3:34  SCV  
  32  3:41  Factory Reactor  
  32  3:42  Starport, Marine x2  
  32  3:47  SCV x2  
  36  3:55  Supply Depot  
  36  4:02  Marine x2  
  38  4:03  SCV  
  39  4:10  Marine  
  39  4:14  SCV  
  41  4:20  Marine  
  41  4:22  Engineering Bay  
  42  4:27  Marine  
  43  4:32  Marine  
  43  4:34  SCV x2  
  43  4:37  Marine  
  47  4:42  Medivac  
  47  4:44  Supply Depot  
  49  4:48  Medivac  
  49  4:50  Marine  
  52  4:57  Terran Infantry Weapons Level 1  
  52  4:58  SCV  
  53  5:00  SCV  
  54  5:07  Marine  
  54  5:09  Factory Tech Lab  
  54  5:11  Combat Shields  
  54  5:12  SCV, Liberator  
  54  5:13  SCV  
  57  5:24  SCV  
  58  5:31  Marine  
  58  5:32  Marine x2  
  64  5:39  Command Center  
  64  5:45  SCV  
  64  5:47  SCV  
  66  6:06  Marine x3  
  69  6:12  Barracks  
  69  6:13  Barracks x2  
  69  6:24  Marine  
  70  6:27  Marine  
  70  6:28  Medivac  
  70  6:29  Siege Tank, Marine  
  60  6:34  SCV x2  
  60  6:36  Refinery x2  
  60  6:37  Supply Depot  
  59  6:40  Supply Depot x2  
  59  6:41  Marine  
  59  6:45  Marine  
  59  6:46  SCV  
  62  6:47  Marine  
  60  6:55  Medivac  
  60  6:58  Orbital Command  
  60  6:59  Marine  
  60  7:01  Barracks Tech Lab x3  
  63  7:03  Siege Tank  
  63  7:04  Marine  
  67  7:08  SCV x2  
  67  7:14  Orbital Command  
  69  7:18  Supply Depot  
  69  7:26  SCV x2  
  71  7:34  Marine x3  
  71  7:35  Medivac, Siege Tank  
  71  7:37  Marine x3  
  74  7:38  SCV  
  74  7:39  SCV  
  79  7:47  SCV  
  79  7:50  SCV  
  79  7:51  SCV, Marine  
  82  7:57  Engineering Bay  
  83  7:58  Armory  
  83  8:01  Marauder x3  
  83  8:02  Concussive Shells  
  83  8:04  SCV x2  
  91  8:15  Marine  
  91  8:16  Marine x2  
  91  8:17  Siege Tank  
  91  8:19  SCV  
  98  8:20  SCV  
  98  8:22  Marine x2, Marauder  
  103  8:27  Supply Depot x2  
Show
View Real Time Build Order
Export as new Build Order

Cham Zerg - Winner!

Build Orders: Hatch First 

Get SALT Encoding   

  12  0:01  Drone  
  13  0:08  Drone  
  14  0:17  Overlord  
  15  0:35  Drone x2  
  15  0:36  Drone  
  17  0:51  Hatchery  
  17  0:55  Drone  
  17  0:57  Drone  
  17  0:59  Extractor  
  17  1:12  Spawning Pool  
  17  1:15  Drone  
  17  1:19  Drone  
  18  1:30  Drone  
  19  1:50  Overlord  
  19  1:59  Metabolic Boost, Queen  
  19  2:01  Zergling x2  
  22  2:03  Queen  
  22  2:04  Zergling x2  
  22  2:06  Zergling x2  
  26  2:12  Drone  
  26  2:15  Drone  
  28  2:23  Drone  
  28  2:26  Overlord  
  29  2:35  Queen  
  31  2:48  Drone  
  31  2:50  Drone x3  
  35  2:58  Drone x2  
  37  3:06  Drone  
  37  3:07  Hatchery  
  37  3:09  Drone x2  
  39  3:14  Drone x2  
  39  3:16  Drone x2  
  43  3:20  Drone  
  43  3:22  Overlord  
  44  3:36  Overlord  
  44  3:46  Drone x5  
  44  3:47  Drone x3  
  52  3:50  Overlord  
  52  3:55  Drone  
  53  3:57  Queen x2  
  53  4:00  Drone x2  
  58  4:06  Drone  
  59  4:15  Overlord  
  59  4:19  Queen  
  59  4:21  Zergling x2  
  62  4:26  Drone x2  
  62  4:28  Evolution Chamber  
  62  4:30  Baneling Nest  
  62  4:32  Queen  
  62  4:33  Drone, Queen  
  62  4:34  Drone  
  62  4:35  Drone, Zergling x2  
  62  4:36  Zergling x2  
  71  4:41  Zergling x6  
  71  4:42  Zergling x2  
  75  4:48  Zergling x2  
  75  4:52  Zergling x10  
  81  4:57  Zerg Ground Armor Level 1  
  81  5:00  Overlord  
  81  5:04  Extractor  
  81  5:05  Drone, Extractor  
  81  5:06  Drone x2, Extractor  
  81  5:09  Overlord  
  81  5:16  Overlord  
  81  5:17  Overlord  
  81  5:18  Queen  
  81  5:20  Drone x2  
  81  5:21  Drone  
  86  5:22  Baneling x4, Drone  
  86  5:23  Drone x2  
  86  5:27  Drone  
  86  5:28  Drone x2  
  92  5:32  Drone x3  
  92  5:33  Drone  
  96  5:36  Drone x2  
  96  5:39  Extractor  
  96  5:40  Extractor  
  96  5:41  Lair  
  97  5:42  Drone  
  97  5:43  Drone x2  
  99  5:51  Baneling x4  
  99  5:52  Drone x2  
  99  5:53  Drone  
  99  5:56  Evolution Chamber  
  101  5:59  Hatchery  
  101  6:02  Drone x2  
  102  6:06  Zergling x14  
  102  6:08  Overlord  
  109  6:20  Overlord x2  
  109  6:22  Overlord x2  
  102  6:33  Drone, Zerg Melee Weapons Level 1  
  102  6:34  Drone x10  
  112  6:41  Drone, Hydralisk Den  
  112  6:45  Zergling x4  
  112  6:47  Centrifical Hooks  
  114  6:55  Zergling x4  
  114  6:59  Drone  
  117  7:01  Extractor  
  117  7:03  Zergling x2  
  117  7:05  Overlord  
  117  7:08  Hatchery  
  116  7:12  Drone x3  
  119  7:17  Hydralisk x2, Muscular Augments  
  119  7:18  Hydralisk x2  
  119  7:21  Hydralisk x2  
  131  7:24  Hydralisk x2  
  131  7:27  Hydralisk  
  136  7:30  Hydralisk  
  136  7:33  Hydralisk x2  
  141  7:38  Hydralisk x2  
  141  7:43  Hydralisk x3  
  151  7:44  Hydralisk  
  151  7:47  Hydralisk  
  151  7:50  Hydralisk x2  
  159  7:53  Overlord x2  
  159  7:56  Baneling  
  159  7:57  Baneling x9  
  159  7:59  Zergling x2  
  159  8:00  Overlord  
  159  8:05  Overseer, Overlord  
  160  8:08  Baneling x2  
  160  8:09  Baneling  
  160  8:12  Zergling x2  
  161  8:13  Zergling x16  
  161  8:16  Zergling x10  
  161  8:18  Overseer  
  174  8:20  Zergling x8  
  174  8:22  Zergling x4  
  174  8:25  Zergling x2  
  181  8:31  Zergling x6  
Tags
 
Add a new tag
Caveats
  • Supply blocks, unpowered buildings, or Contaminate may cause inaccurate times.
  • Supply counts are checked every 10 seconds.